 BcadrenCrawl: Boulder Brew version 0.05.4-26-g64af7a5273 (webtiles) character file.

Game seed: 569595860720040374, levelgen mode: deterministic

303 emperorscorpion the Chopper (level 6, -3/84 HPs) Minotaur Berserker. Began on Dec 21, 2021. Was a Believer of Trog. Slain by a slime creature (16 damage) ... on level 2 of the Dungeon. The game lasted 00:04:17 (836 turns).

emperorscorpion the Chopper (Minotaur Berserker)     Turns: 836, Time: 00:04:18

Health: -3/84      AC:  9    Str: 27    XL:     6 ^: 300
Magic:  1/1        EV: 11    Int:  4    God:    Trog [2* [60]]
Gold:   59         SH:  0    Dex: 11    Spells: 5/5 levels left

rFire    . . .     Vision   .   j - +8 broad axe of Agnosticism {antimagic, rElec MR+}
rCold    . . .     Gourm    .   i - +0 spear
rNeg     . . .     Faith    .   f - +0 chain mail
rCorr    . . .     Spirit   .   (helmet restricted)
rPois    .         Reflect  .   (no cloak)
rElec    +         Harm     .   (no gloves)
MR       +....     Rnd*Rage +   (no boots)
Stlth    ..........             (no amulet)
HPRegen  0.38/turn              (no ring)
MPRegen  0.11/turn              (no ring)

@: berserking (expiring), lethally poisoned (-3 -> -3), very quick
A: horns, retaliatory headbutt 2
a: Berserk, Trog's Hand, Renounce Religion


You were on level 2 of the Dungeon.
You worshipped Trog.
Trog was pleased with you.
You were very hungry.

You visited 1 branch of the dungeon, and saw 2 of its levels.

You collected 59 gold pieces.

Inventory:

Weapons
 a - a +0 hatchet
 i - a +0 spear (weapon)
 j - the +8 broad axe of Agnosticism (weapon) {antimagic, rElec MR+}
   (Trog gifted it to you on level 1 of the Dungeon)

   It reduces the magical energy of the wielder, and disrupts the spells and
   magical abilities of those hit.
   Natural abilities and divine invocations are not affected.
   It insulates you from electricity.
   It affects your resistance to hostile enchantments.
Armour
 b - a +0 animal skin
 f - a +0 chain mail (worn)
Scrolls
 d - 2 scrolls of teleportation
 e - a scroll of torment
 h - a scroll of attention
Potions
 g - a potion of brilliance
Comestibles
 c - 5 rations


   Skills:
 + Level 5.2 Fighting
 + Level 6.0(6.1) Axes & Hammers
 + Level 1.9(4.2) Polearms
 + Level 2.8 Armour
 + Level 3.2 Dodging
 + Level 1.1 Stealth
 + Level 0.3 Unarmed Combat


You had 5 spell levels left.
You didn't know any spells.
Your spell library was empty.

Dungeon Overview and Level Annotations

Branches:
Dungeon (2/8)

Altars:


Innate Abilities, Weirdness & Mutations

You reflexively attack those that strike you in melee with your horns.
You frequently lose your temper in combat.
This godly rage surpasses even clarity. (*Rage)


Message History

The giant cockroach closely misses you (0).
The slime creature hits you (13)!
* * * LOW HITPOINT WARNING * * *
Unknown command.
You hit the slime creature (5). You barely miss the sewer rat. x2
You hit the giant cockroach (5).
You kill the giant cockroach!
Trog accepts your kill.
You hit the slime creature (2).
The slime creature is severely wounded. (15/65) HP You are feeling very hungry.
The sewer rat barely misses you (0). You furiously retaliate!
You headbutt the sewer rat (20)!!
You kill the sewer rat!
Trog accepts your kill.
You hear a splash.
Your Axes & Hammers skill increases to level 6!
The sewer rat bites you but does no damage.
The slime creature hits you (16)!
You die...

≈≈# ..#
≈≈≈# ≈≈#
Js≈#
###SJ≈#
#†Jrl≈#
#@rr≈≈#
#†r≈≈≈#
###≈.≈≈#
#≈≈≈.#
#≈≈≈≈
##.≈ #


You could see a slime creature, 2 oozes, a submerged adder, 4 submerged sewer
rats, a leopard gecko and a giant cockroach.

Vanquished Creatures
  A water moccasin (D:2)
  5 giant cockroaches
  2 gnolls (D:1)
  3 sewer rats (D:2)
  4 cinder newts (D:1)
  2 oozes (D:2)
  2 dart slugs (D:1)
  8 leopard geckos (D:1)
  3 goblins (D:1)
  4 hobgoblins (D:1)
  3 kobolds (D:1)
  6 bats (D:1)
  4 rats (D:1)
47 creatures vanquished.

Vanquished Creatures (others)
  11 withered plants (D:2)
11 creatures vanquished.

Grand Total: 58 creatures vanquished

Notes
Turn   | Place    | Note
-------+----------+-------------------------------------------
     0 | D:1      | emperorscorpion the Minotaur Berserker began the quest for
                  | the Orb.
     0 | D:1      | Reached XP level 1. HP: 19/19 MP: 0/0
     6 | D:1      | Noticed an ettin
     6 | D:1      | Noticed a soldier ant
     6 | D:1      | Noticed a tyrant leech
     6 | D:1      | Noticed a komodo dragon
    13 | D:1      | Reached skill level 4 in Axes & Hammers
    13 | D:1      | Reached XP level 2. HP: 26/27 MP: 1/1
    89 | D:1      | Reached XP level 3. HP: 33/33 MP: 2/2
   237 | D:1      | Reached XP level 4. HP: 26/41 MP: 3/3
   271 | D:1      | Reached ** piety under Trog
   321 | D:1      | Identified the +8 broad axe of Agnosticism {antimagic,
                  | rElec MR+} (Trog gifted it to you on level 1 of the
                  | Dungeon)
   321 | D:1      | Received a gift from Trog
   345 | D:1      | Reached skill level 5 in Axes & Hammers
   380 | D:1      | Reached skill level 1 in Polearms
   744 | D:2      | Noticed a water moccasin
   748 | D:2      | Killed a water moccasin
   748 | D:2      | Reached skill level 5 in Fighting
   748 | D:2      | Reached skill level 1 in Stealth
   748 | D:2      | Reached XP level 5. HP: 45/48 MP: 1/4
   827 | D:2      | Noticed a slime creature
   832 | D:2      | Reached XP level 6. HP: 50/56 MP: 1/5
   836 | D:2      | Reached skill level 6 in Axes & Hammers
   836 | D:2      | Slain by a slime creature

Levels and vault maps discovered:
D:1:      onia_arrival_zoo_common, layout_loops_ring, first_ration,
          gup_sewer_entry_pipe
D:2:      layout_sewer, gammafunk_temple_overflow_claw, sewer_frog_spiral,
          serial_shops, kennysheep_mini

Skill      XL: |  1  2  3  4  5  6 |
---------------+-------------------+-----
Fighting       | 4 5 |  5.2
Axes & Hammers | 4 5 6 |  6.0
Polearms       | 1 |  1.9
Dodging        | 3 |  3.2
Stealth        | 1 |  1.1
Armour         | |  2.8
Unarmed Combat | |  0.3

Action                   |  1- 3 |  4- 6 || total
-------------------------+-------+-------++-------
Melee: Hatchet           |    27 |     2 ||    29
       Unarmed           |     5 |       ||     5
       Headbutt          |     9 |     2 ||    11
       Spear             |    19 |    22 ||    41
       Broad axe         |       |    20 ||    20
Invok: Berserk           |     1 |     2 ||     3
 Stab: Sleeping          |     1 |       ||     1
  Eat: Chunk             |       |     1 ||     1
Armor: Animal skin       |     4 |     3 ||     7
       Chain mail        |       |    27 ||    27
Dodge: Dodged            |     7 |    19 ||    26
